[Event "Hungarian Youth-ch U14 2022"]
[Site "Eger"]
[Date "2022.07.26"]
[Round "4.10"]
[White "Nandin-Erdene, Davaademberel"]
[Black "Karacsonyi, Luca"]
[Result "1-0"]
[ECO "B44"]
[WhiteElo "1789"]
[BlackElo "1789"]
[Annotator "NA RC COMBH"]
[PlyCount "147"]
[EventDate "2022.07.21"]
[EventType "tourn"]
[EventCountry "HUN"]
[SourceTitle "playchess.com"]
[Source "ChessBase"]
[SourceQuality "1"]
[TimeControl "40/5400+30:1800+30"]

1. e4 c5 2. Nf3 Nc6 3. d4 cxd4 4. Nxd4 e6 5. Nb5 d6 6. c4 a6 7. N5c3 Nf6 8. Na3 Be7 9. Be2 O-O 10. Be3 Qc7 11. O-O b6 12. Qb3 Rb8 13. Rac1 Nd7 14. Nd5 exd5 15. cxd5 Nc5 16. Qc3 Bf6 17. Qd2 Ne5 18. b4 Qa7 19. bxc5 bxc5 20. Rb1 Qc7 21. f4 Ng6 22. Nc4 Bd7 23. Bh5 Bb5 24. Be2 Bxc4 25. Bxc4 Rxb1 26. Rxb1 Rb8 27. Bb3 c4 28. Qc1 c3 29. Qc2 a5 30. a4 Qd7 31. g3 Rb4 32. Bf2 Qe7 33. Re1 Qb7 34. Rb1 h6 35. Ba2 Rxb1+ 36. Qxb1 Qb2 37. Qxb2 cxb2 38. Be1 Kf8 39. Bxa5 Ke8 40. Bb6 Nf8 41. Bc7 Bd4+ 42. Kf1 Ke7 43. e5 dxe5 44. fxe5 Nd7 45. Bd6+ Ke8 46. e6 fxe6 47. dxe6 Nb6 48. Bb1 Bf6 49. a5 Nd5 50. a6 Bd4 51. Ke1 Be3 52. Be5 Ke7 53. Bxb2 Kxe6 54. Ba2 g6 55. Bg7 h5 56. Bh6 Ba7 57. Kd2 Kd6 58. Bxd5 Kxd5 59. Be3 Bb8 60. a7 Bxa7 61. Bxa7 Ke4 62. h4 Kf3 63. Bb8 Kg4 64. Ke3 g5 65. hxg5 Kxg5 66. Kf3 Kf5 67. Bc7 Kg5 68. Bd8+ Kf5 69. Kg2 Kg4 70. Kh2 Kf5 71. Kh3 Kg6 72. Kh4 Kh6 73. Be7 Kg6 74. Bg5 1-0

[Event "Hungarian Youth-ch U14 2022"]
[Site "Eger"]
[Date "2022.07.27"]
[Round "5.1"]
[White "Gergely, Daniel"]
[Black "Szegedy, Matyas"]
[Result "1/2-1/2"]
[ECO "A56"]
[WhiteElo "2053"]
[BlackElo "2152"]
[Annotator "TA"]
[PlyCount "94"]
[EventDate "2022.07.21"]
[EventType "tourn"]
[EventCountry "HUN"]
[SourceTitle "playchess.com"]
[Source "ChessBase"]
[SourceQuality "1"]
[TimeControl "40/5400+30:1800+30"]

1. d4 Nf6 2. c4 c5 3. d5 g6 4. Nc3 Bg7 5. e4 d6 6. Bd3 O-O 7. h3 e6 8. Nf3 Na6 9. O-O Nc7 {[%emt 0:00:46] 9...e5 injects fresh life into this line.} 10. Re1 Rb8 11. a4 {[%emt 0:04:01] White is more active. E90: King's Indian: Classical: Early deviations and 6 h3.} e5 12. Nh2 {[%emt 0:16:16] [#]} Nh5 $146 ({Predecessor:} 12... Na6 13. Nb5 Nb4 14. f4 Nxd3 15. Qxd3 a6 16. fxe5 axb5 17. exf6 bxc4 18. Qxc4 Bxf6 {0-1 (37) Hilverda,A (2233)-Arnaudov,P (2477) Wunsiedel 2012}) 13. Ne2 {[%emt 0:07:58] White is slightly better.} f5 14. exf5 Bxf5 15. Qc2 (15. Nc3 $14 Bc8 16. Nf3) 15... Na6 $15 16. Bd2 Qf6 {[%emt 0:04:42] White must now prevent ...e4.} 17. Rf1 {[%emt 0:06:05] [#]} (17. Bxf5 $11 gxf5 18. Ra3) 17... Rbe8 (17... e4 $1 $17 18. Bxe4 Bxe4 19. Qxe4 Rbe8) 18. Be4 Qh4 19. f3 (19. Nc3 $11 {keeps the balance.}) 19... Nf4 20. Nxf4 exf4 21. Bxf5 Rxf5 22. Rfe1 Bd4+ 23. Kh1 Rfe5 $36 {[%emt 0:00:05][%mdl 2048] Black is more active.} 24. Re4 (24. Rxe5 $11 {remains equal.} Rxe5 25. Ng4) 24... Nb4 $17 25. Bxb4 cxb4 26. Rd1 (26. Rf1 $17 {was worth a try.} Rxe4 27. fxe4) 26... Bc5 (26... Rxe4 $19 27. fxe4 Qf2 28. Qxf2 Bxf2) 27. b3 R8e7 28. Qe2 (28. Qb1 $15) 28... h5 29. Rf1 (29. Re1 $142) 29... Be3 30. Qc2 {[%emt 0:01:09] Threatens to win with Rxe5.} Kh7 31. Qd3 (31. Qb1 $142) 31... Qg5 (31... Kh6 $142) 32. Re1 Bc5 (32... Qf5 $17) 33. Nf1 $11 Kh6 34. Nd2 Qf5 35. Nf1 (35. a5 $11) 35... b6 (35... Rxe4 $17 36. Rxe4 Rxe4 37. fxe4 Qf6) 36. Qc2 $2 (36. Nd2 $11) 36... Rxe4 $19 37. Rxe4 Re5 $2 (37... Rxe4 $19 38. fxe4 Qe5) 38. Qd3 $2 (38. Nd2 $11) 38... g5 $2 ({Black should play} 38... Rxe4 $19 39. fxe4 Qf6) 39. Qe2 (39. Nd2 $15) 39... Rxe4 40. Qxe4 (40. fxe4 Qe5 41. Nh2) 40... Qxe4 41. fxe4 {[%emt 0:01:16][%mdl 4096] Endgame KB-KN} Kg6 (41... g4 $142 42. Nh2 Kg5 43. hxg4 hxg4) 42. g4 {[%emt 0:04:45][%cal Oe4e5] [#]} hxg4 $2 (42... fxg3 $1 $19 43. Nxg3 Kf6 44. Nxh5+ Ke5) 43. hxg4 $11 {[%emt 0:00:23] The position is equal.} Kf6 44. Nd2 Ke5 {[%emt 0:02:20] Strongly threatening ...Kd4.} 45. Nf3+ Kxe4 46. Nxg5+ Kd3 47. Nf3 $1 {[%emt 0:03:04] aiming for g5.} Be3 {[%emt 0:09:42] Whites escaped into a draw.  Weighted Error Value: White=0.68/Black=0.47} 1/2-1/2

[Event "Hungarian Youth-ch U14 2022"]
[Site "Eger"]
[Date "2022.07.27"]
[Round "5.2"]
[White "Kolimar, Kristof Pal"]
[Black "Megyaszai, Balazs"]
[Result "1-0"]
[ECO "A13"]
[WhiteElo "2160"]
[BlackElo "1919"]
[Annotator "TA"]
[PlyCount "113"]
[EventDate "2022.07.21"]
[EventType "tourn"]
[EventCountry "HUN"]
[SourceTitle "playchess.com"]
[Source "ChessBase"]
[SourceQuality "1"]
[TimeControl "40/5400+30:1800+30"]

1. Nf3 d5 2. c4 e6 3. g3 c6 4. Bg2 dxc4 5. a4 Nf6 6. O-O {[%emt 0:01:53] A13: English Opening: 1...e6.} Na6 7. Qc2 Nb4 8. Qxc4 {[%emt 0:00:44] The position is equal.} Qd5 9. Na3 Qxc4 10. Nxc4 Be7 11. d3 O-O 12. a5 {[%emt 0:01:13] [#]} Nd7 $146 ({Predecessor:} 12... Bd7 13. Nfe5 Rfc8 14. Nxd7 Nxd7 15. Bd2 Nc2 16. Ra2 Nd4 17. Re1 Nc5 18. Kf1 Na6 {1-0 (82) Sadhwani,R (2579)-Travadon,L (2410) Spilimbergo 2021}) 13. Bd2 f6 (13... Nb8 $1 $11) 14. Nd4 (14. Bxb4 $16 Bxb4 15. a6) 14... Kf7 ({Better is} 14... Nb8 $1 $14) 15. Rfc1 Na6 {[%emt 0:03:07] [#]} 16. Rab1 {[%emt 0:04:34] White is much more active. The black rooks are badly placed.} (16. b4 $1 $16 ) 16... Bb4 (16... Rd8 $14) 17. Nc2 (17. Bh3 $142) 17... Bxd2 $16 18. Nxd2 Nc7 19. Na3 a6 20. d4 e5 21. Nb3 exd4 22. Nxd4 Nb5 23. Naxb5 axb5 24. b4 Ne5 25. e3 Nc4 26. Bf1 Nd2 27. Rb2 Nxf1 28. Kxf1 Be6 29. f3 Bc4+ 30. Kf2 g6 31. g4 Rfc8 32. Nb3 Bxb3 33. Rxb3 $11 {[%emt 0:00:01][%mdl 4096] Endgame KRR-KRR} Rd8 34. Ke2 Rd6 (34... b6 $11) 35. Rd3 $14 Rad8 36. Rcd1 Ke6 37. Rxd6+ Rxd6 {[%emt 0:00:01] KR-KR} 38. Ra1 Rd7 39. h4 Rc7 40. Rc1 Kd6 (40... f5 $14) 41. Rc5 (41. Rd1+ $16 Ke6 42. e4) 41... b6 42. axb6 Rb7 43. Rc2 Rxb6 44. Rd2+ Ke7 45. Ra2 Rb7 {[%emt 0:10:20] Inhibits Ra7.} 46. Ra6 (46. e4 $14) 46... Kd6 $11 47. Kd3 Rf7 48. Kd4 f5 49. g5 $1 Rd7 50. e4 fxe4 51. fxe4 Ke6+ $2 {[%emt 0:00:34][%mdl 8192] [#] A mistake that costs the game.} (51... Rd8 $14) 52. Kc5 $18 Ke5 53. Rxc6 Rd1 54. Rc7 Rc1+ 55. Kb6 Rc4 56. Rc5+ Rxc5 57. Kxc5 {[%emt 0:00:01] Weighted Error Value: White=0.24 (precise) /Black=0.34} 1-0

[Event "Hungarian Youth-ch U14 2022"]
[Site "Eger"]
[Date "2022.07.27"]
[Round "5.3"]
[White "Szakmary, Domonkos"]
[Black "Bodrogi, Bendeguz"]
[Result "0-1"]
[ECO "B32"]
[WhiteElo "1967"]
[BlackElo "2170"]
[Annotator "TA"]
[PlyCount "70"]
[EventDate "2022.07.21"]
[EventType "tourn"]
[EventCountry "HUN"]
[SourceTitle "playchess.com"]
[Source "ChessBase"]
[SourceQuality "1"]
[TimeControl "40/5400+30:1800+30"]

1. e4 c5 2. Nf3 Nc6 3. d4 cxd4 4. Nxd4 e5 5. Nb5 a6 6. Nd6+ Bxd6 7. Qxd6 Qe7 8. Qd1 Nf6 9. Nc3 d6 10. Bg5 {[%emt 0:00:05] B32: Sicilian: Löwenthal and Kalashnikov Variations.} Be6 11. Nd5 Bxd5 12. exd5 {[%emt 0:00:02] White is slightly better.} Nb8 (12... Nb4 $2 13. Bxf6 Qxf6 14. a3 $18) 13. c4 Nbd7 14. Be2 h6 15. Be3 a5 {[%emt 0:00:19] [#]} 16. a4 $146 ({Predecessor:} 16. O-O O-O 17. b3 Ne4 18. Qc2 f5 19. Bd3 Ndc5 20. Bxc5 Nxc5 21. Bxf5 e4 22. Be6+ {0-1 (48) Halasz,C (2089)-Beglyj,M (1979) Hungary 2017}) 16... O-O 17. O-O Nh7 18. Ra3 Nc5 19. Bc1 f5 20. f4 Nf6 21. Re3 {[%emt 0:03:09] White wants to play fxe5.} Nfe4 22. Bd3 Rae8 23. Bxe4 exf4 24. Ree1 fxe4 $19 ({Much worse is} 24... Nxe4 $6 25. Bxf4 Qc7 26. b3 $11) 25. Rxf4 Rxf4 26. Bxf4 Nd3 27. Rf1 Nxf4 {[%emt 0:01:38] Black is more active.} 28. Rxf4 $17 {[%emt 0:00:02][%mdl 4096] Endgame KQR-KQR} e3 $36 {[%emt 0:01:38][%mdl 2048] Black is really pushing.} 29. Qe2 Qe5 30. g3 Re7 31. Kg2 $2 {[%emt 0:06:45] [#]} (31. Rf1 $17) 31... g5 $19 32. Rf1 Qe4+ 33. Kh3 $2 (33. Qf3) 33... h5 34. b3 g4+ 35. Kh4 Rg7 {[%emt 0:02:01] Weighted Error Value: White=0.86/Black=0.04 (flawless)} 0-1

[Event "Hungarian Youth-ch U14 2022"]
[Site "Eger"]
[Date "2022.07.27"]
[Round "5.4"]
[White "Turcsanyi, Vince Gergo"]
[Black "Giang, Tran Nam"]
[Result "1/2-1/2"]
[ECO "C17"]
[WhiteElo "2117"]
[BlackElo "2144"]
[Annotator "TA"]
[PlyCount "50"]
[EventDate "2022.07.21"]
[EventType "tourn"]
[EventCountry "HUN"]
[SourceTitle "playchess.com"]
[Source "ChessBase"]
[SourceQuality "1"]
[TimeControl "40/5400+30:1800+30"]

1. e4 {[%emt 0:00:32] Mikhalchishin,Adrian} e6 2. d4 d5 3. Nc3 Bb4 4. e5 c5 5. Bd2 Ne7 6. f4 Nbc6 7. Nb5 Bxd2+ 8. Qxd2 O-O 9. dxc5 f6 {[%emt 0:04:49] C17: French: 3 Nc3 Bb4 4 e5 c5 sidelines.} (9... b6 $11 {keeps the balance.}) 10. exf6 $16 {[%emt 0:02:37] White is more active.} Rxf6 11. O-O-O b6 {[%emt 0:12:06] White is slightly better.} 12. cxb6 Qxb6 13. Nf3 {[%emt 0:01:39] [#] Against e5} Ba6 $146 (13... Bd7 $14) ({Predecessor:} 13... Rb8 14. b3 Qc5 15. Nbd4 a5 16. Kb1 a4 17. g3 Nxd4 18. Nxd4 Nc6 19. Nxc6 Qxc6 {½-½ (72) Zawadzka,J (2400)-Lagno,K (2530) Tbilisi 2011 CBM 142 Extra [Mikhalchishin,Adrian]}) 14. Nbd4 Rb8 {[%emt 0:02:24][%csl Gb8][%cal Rb6b2] [#]} 15. b3 Na5 16. Ne5 {[%emt 0:07:47] Against Nc4. Threatens to win with Nd7.} Bc8 {[%emt 0:09:35] Prevents Nd7.} 17. Kb1 Nac6 18. Nexc6 Nxc6 19. Nxc6 Qxc6 20. Bd3 Qc7 21. Rhf1 a5 22. h4 Bd7 23. Qe3 a4 24. g4 (24. Qe5 $18 Qxe5 25. fxe5) 24... axb3 25. cxb3 ({Of course not} 25. axb3 $6 Rb4 $11) 25... Rb4 {Weighted Error Value: White=0.08 (flawless) /Black=0.29 (precise)} 1/2-1/2

[Event "Hungarian Youth-ch U14 2022"]
[Site "Eger"]
[Date "2022.07.27"]
[Round "5.5"]
[White "Matyassy, Lazar"]
[Black "Csernyik, Mark"]
[Result "1/2-1/2"]
[ECO "C00"]
[WhiteElo "2132"]
[BlackElo "2022"]
[Annotator "TA"]
[PlyCount "37"]
[EventDate "2022.07.21"]
[EventType "tourn"]
[EventCountry "HUN"]
[SourceTitle "playchess.com"]
[Source "ChessBase"]
[SourceQuality "1"]
[TimeControl "40/5400+30:1800+30"]

1. e4 e6 2. d4 d5 3. Bd3 Nc6 4. exd5 exd5 5. c3 Bd6 6. Ne2 Nf6 7. O-O {[%emt 0:01:48] C01: French: Exchange Variation.} Bg4 8. a4 (8. h3 $5 Bh5 9. Qb3 $11) 8... Qd7 {[%emt 0:02:36] [#]} 9. a5 $146 {[%emt 0:02:25] White has an edge.} ({Predecessor:} 9. f3 Bf5 10. Bf4 O-O-O 11. Bxd6 Bxd3 12. Qxd3 Qxd6 13. b4 Rhe8 14. Na3 Re7 15. Nc2 Rde8 16. Rfe1 g6 17. Ng3 {½-½ (17) Ramp,O (1733)-Otto,M (1782) Mecklenburg VP 2008}) 9... a6 10. b4 Na7 11. f3 Bf5 12. Ng3 Bxd3 13. Re1+ (13. Qxd3 $11 O-O 14. Nf5) 13... Be4 $1 $15 14. Bg5 $2 (14. fxe4 $17 Bxg3 15. hxg3 Nxe4 16. Nd2) 14... Bxg3 $19 15. hxg3 {[%emt 0:01:12] [#]} O-O-O $2 16. fxe4 $11 dxe4 {[%emt 0:05:56] Hoping for ...Rde8.} 17. Bxf6 (17. Nd2 $5 ) 17... gxf6 18. Rxe4 Nb5 19. Qf3 {[%emt 0:03:21] Weighted Error Value: White=0.39/Black=0.41} 1/2-1/2

[Event "Hungarian Youth-ch U14 2022"]
[Site "Eger"]
[Date "2022.07.27"]
[Round "5.6"]
[White "Karacsonyi, Luca"]
[Black "Lazsadi, Kerka Lilla"]
[Result "0-1"]
[ECO "C03"]
[WhiteElo "1789"]
[BlackElo "1674"]
[Annotator "NA RC COMBH"]
[PlyCount "96"]
[EventDate "2022.07.21"]
[EventType "tourn"]
[EventCountry "HUN"]
[SourceTitle "playchess.com"]
[Source "ChessBase"]
[SourceQuality "1"]
[TimeControl "40/5400+30:1800+30"]

1. e4 e6 2. d4 d5 3. Nd2 Be7 4. Ngf3 Nf6 5. e5 Nfd7 6. Bd3 c5 7. c3 Nc6 8. O-O Qb6 9. Qb3 c4 10. Qxb6 axb6 11. Bc2 b5 12. b4 f6 13. Re1 fxe5 14. dxe5 Bd8 15. Nf1 Bc7 16. Bf4 Ra3 17. Nd4 Nxd4 18. cxd4 O-O 19. Be3 Nb8 20. Bc1 Ra6 21. Bb2 Nc6 22. a3 Bd7 23. Re3 Be8 24. Rh3 h6 25. Re1 Bb6 26. Rd1 c3 27. Bxc3 Rxa3 28. Bb1 Ra4 29. Bc2 Ra2 30. Ne3 Nxe5 31. Bb1 Ra3 32. Bb2 Rb3 33. Nxd5 Rxh3 34. Nxb6 Rb3 35. Ba1 Nc4 36. Ba2 Rxb4 37. Bc3 Nxb6 38. Bxe6+ Bf7 39. Bxf7+ Rxf7 40. Bxb4 Nd5 41. Bd2 Rc7 42. Rc1 Rc4 43. Rb1 Rxd4 44. Be3 Rd3 45. g3 b4 46. Kf1 b3 47. Ke2 Rxe3+ 48. Kd2 Rf3 0-1

[Event "Hungarian Youth-ch U14 2022"]
[Site "Eger"]
[Date "2022.07.27"]
[Round "5.7"]
[White "Horvath, Greta"]
[Black "Nandin-Erdene, Davaademberel"]
[Result "0-1"]
[ECO "B12"]
[WhiteElo "1346"]
[BlackElo "1789"]
[Annotator "NA RC COMBH"]
[PlyCount "80"]
[EventDate "2022.07.21"]
[EventType "tourn"]
[EventCountry "HUN"]
[SourceTitle "playchess.com"]
[Source "ChessBase"]
[SourceQuality "1"]
[TimeControl "40/5400+30:1800+30"]

1. e4 c6 2. d4 d5 3. e5 Bf5 4. Nf3 e6 5. Be2 Nd7 6. O-O Ne7 7. Nbd2 h6 8. c3 g5 9. h4 gxh4 10. Nxh4 Bg7 11. Nxf5 Nxf5 12. Bg4 Nf8 13. Bxf5 exf5 14. Qf3 Qd7 15. Nb3 b6 16. Re1 Qe6 17. a4 Nd7 18. Bf4 O-O-O 19. Nd2 h5 20. c4 Bh6 21. Rec1 Kb7 22. a5 Bxf4 23. Qxf4 Rhg8 24. axb6 axb6 25. cxd5 Qxd5 26. Nf3 Rg4 27. Qe3 Rdg8 28. g3 Rb8 29. Qa3 f4 30. Qa7+ Kc8 31. Qa6+ Kd8 32. Nh2 Rg6 33. Qd3 fxg3 34. fxg3 Nxe5 35. Qe3 h4 36. g4 Nxg4 37. Nxg4 Rxg4+ 38. Kf1 Qg2+ 39. Ke1 Re4 40. Qxe4 Qxe4+ 0-1

[Event "Hungarian Youth-ch U14 2022"]
[Site "Eger"]
[Date "2022.07.27"]
[Round "5.8"]
[White "Beznicza, Mira"]
[Black "Kovacs, Reka"]
[Result "0-1"]
[ECO "C63"]
[WhiteElo "1608"]
[BlackElo "1716"]
[Annotator "NA RC COMBH"]
[PlyCount "60"]
[EventDate "2022.07.21"]
[EventType "tourn"]
[EventCountry "HUN"]
[SourceTitle "playchess.com"]
[Source "ChessBase"]
[SourceQuality "1"]
[TimeControl "40/5400+30:1800+30"]

1. e4 e5 2. Nf3 Nc6 3. Bb5 f5 4. d3 fxe4 5. dxe4 Nf6 6. Bg5 Bc5 7. O-O d6 8. c3 Be6 9. Nbd2 O-O 10. Bc4 Qd7 11. Qb3 Bxc4 12. Nxc4 Kh8 13. Bxf6 Rxf6 14. Rad1 Raf8 15. Ncxe5 Nxe5 16. Nxe5 Rxf2 17. Rxf2 Bxf2+ 18. Kh1 Qe7 19. Nd3 Qxe4 20. Qc2 Bb6 21. Qd2 h6 22. Re1 Qg6 23. Qe2 Qf7 24. h3 Qxa2 25. Qg4 Qf7 26. Qe4 c6 27. Nc1 d5 28. Qg4 Bc7 29. Nd3 Qf1+ 30. Rxf1 Rxf1# 0-1

[Event "Hungarian Youth-ch U14 2022"]
[Site "Eger"]
[Date "2022.07.27"]
[Round "5.9"]
[White "Eros, Vivien"]
[Black "Toth, Timea"]
[Result "1-0"]
[ECO "E61"]
[WhiteElo "1599"]
[BlackElo "1964"]
[Annotator "TA"]
[PlyCount "95"]
[EventDate "2022.07.21"]
[EventType "tourn"]
[EventCountry "HUN"]
[SourceTitle "playchess.com"]
[Source "ChessBase"]
[SourceQuality "1"]
[TimeControl "40/5400+30:1800+30"]

1. d4 Nf6 2. c4 g6 3. Nc3 Bg7 4. Nf3 O-O 5. Bg5 d6 6. e3 Nbd7 7. Be2 c5 {[%emt 0:01:12] 7...e5 is a critical line.} 8. O-O b6 {[%emt 0:00:40] E61: King's Indian: Early deviations for White, including Smyslov System.} (8... h6 $11 9. Bh4 cxd4 10. exd4 Nh5) 9. Qc2 Bb7 10. Rfd1 a6 {[%emt 0:07:41] [#] White is slightly better.} 11. a4 $146 ({Predecessor:} 11. Rac1 Rc8 12. b3 cxd4 13. exd4 d5 14. Qb1 dxc4 15. bxc4 Qc7 16. h3 Rfe8 17. Be3 {1-0 (35) Rial,A (1656)-Itagyba,R (1715) Sao Paulo 2017}) 11... Qc7 12. Rab1 Rfc8 13. b3 Rab8 14. d5 Re8 15. Qd2 (15. h3 $14 {was preferrable.}) 15... Bc8 (15... h6 $11 {keeps the balance.} 16. Bh4 g5) 16. e4 $16 {[%emt 0:02:33] White is more active.} Ng4 17. h3 Nge5 18. Nxe5 (18. Nh2 $16) 18... Nxe5 19. Bh6 f5 ({Black should try} 19... Bh8) 20. Bxg7 Kxg7 21. f4 Nf7 22. Qb2 {[%emt 0:05:35] [#] Threatens to win with Nb5+.} Kg8 23. g4 (23. exf5 $142 Bxf5 24. Ra1) 23... Nh6 $2 {[%emt 0:01:14] This move loses the game for Black.} (23... fxg4 $16 24. hxg4 (24. Bxg4 Bxg4 25. hxg4 g5 $11) 24... Qd8) 24. gxf5 $18 gxf5 $2 (24... Rf8 25. Kh2 Nxf5 26. exf5 Bxf5) 25. Bh5 Rf8 26. Kh1 {[%emt 0:00:43] Black must now prevent Rg1+.} fxe4 (26... Rf6 $142 27. Rg1+ Kh8) 27. Rg1+ Ng4 28. Ne2 e5 29. dxe6 Bxe6 30. Rxg4+ Bxg4 31. Rg1 {[%emt 0:00:00][%mdl 64] [#] Pin} Rf7 32. Bxf7+ Kxf7 33. Rxg4 {[%emt 0:00:00] Qg7+ would kill now.} Rg8 {[%emt 0:00:15] Inhibits Qg7+.} 34. Rxg8 Kxg8 35. Nc3 {[%emt 0:02:04] And now Nd5 would win.} e3 36. Qg2+ Kf8 37. Qe4 h5 38. Qf5+ Kg8 39. Qe6+ Kg7 40. Qxe3 Qb7+ 41. Nd5 {[%emt 0:02:01] Intending f5 and mate.} Kh8 42. Qe8+ Kg7 43. Qxh5 (43. f5 $142 Qf7 44. f6+ Qxf6 45. Nxf6 Kxf6 46. Qxh5 Ke6 47. Qd5+ Kd7 48. Qb7+ Ke6 49. Qxa6) 43... b5 44. Qg5+ {[%emt 0:00:21] White mates.} Kf8 45. axb5 axb5 46. Qd8+ Kf7 47. Qc7+ Qxc7 48. Nxc7 {[%emt 0:00:04] Weighted Error Value: White=0.24 (precise) /Black=0.55} 1-0

[Event "Hungarian Youth-ch U14 2022"]
[Site "Eger"]
[Date "2022.07.27"]
[Round "5.10"]
[White "Szarvas, Nora Orsolya"]
[Black "Balazs, Sztella Anna"]
[Result "0-1"]
[ECO "C26"]
[WhiteElo "1692"]
[BlackElo "1663"]
[Annotator "NA RC COMBH"]
[PlyCount "102"]
[EventDate "2022.07.21"]
[EventType "tourn"]
[EventCountry "HUN"]
[SourceTitle "playchess.com"]
[Source "ChessBase"]
[SourceQuality "1"]
[TimeControl "40/5400+30:1800+30"]

1. e4 e5 2. Nc3 Nf6 3. f4 exf4 4. e5 Ng8 5. Nf3 d6 6. d4 dxe5 7. Qe2 Be6 8. Qxe5 Nf6 9. Bxf4 Bd6 10. Qe3 O-O 11. O-O-O Ng4 12. Qd2 Bxf4 13. Qxf4 Nf2 14. Bd3 h6 15. h4 Nd7 16. d5 Bg4 17. Rdf1 Nxd3+ 18. cxd3 Bh5 19. g4 Bg6 20. Rd1 Nb6 21. h5 Nxd5 22. Nxd5 Qxd5 23. g5 hxg5 24. Nxg5 Bxd3 25. b3 Qc5+ 26. Kb2 Rad8 27. Rd2 Qd4+ 28. Qxd4 Rxd4 29. Nf3 Rd5 30. Rhd1 Rfd8 31. Kc3 Be4 32. Rxd5 Rxd5 33. Rxd5 Bxd5 34. Ne5 f6 35. Ng6 Bf3 36. Nf4 Kh7 37. Kd3 Kh6 38. Ke3 Bxh5 39. Ne6 Bg6 40. Nxc7 Bb1 41. a3 Bc2 42. b4 Ba4 43. Ne6 Bc6 44. Kf4 g5+ 45. Kg3 f5 46. Nd4 Kg6 47. b5 Bd5 48. a4 Kf6 49. a5 Ke5 50. Nc2 Kd6 51. Nd4 Be4 0-1

[Event "Hungarian Youth-ch U14 2022"]
[Site "Eger"]
[Date "2022.07.28"]
[Round "6.1"]
[White "Szegedy, Matyas"]
[Black "Csernyik, Mark"]
[Result "1-0"]
[ECO "B30"]
[WhiteElo "2152"]
[BlackElo "2022"]
[Annotator "TA"]
[PlyCount "93"]
[EventDate "2022.07.21"]
[EventType "tourn"]
[EventCountry "HUN"]
[SourceTitle "playchess.com"]
[Source "ChessBase"]
[SourceQuality "1"]
[TimeControl "40/5400+30:1800+30"]

1. e4 c5 2. Nf3 Nc6 3. Bb5 e5 4. O-O Bd6 5. c3 a6 6. Ba4 {[%emt 0:02:44] B30: Sicilian: 2...Nc6 3 Bb5, lines without ...g6.} b5 7. Bc2 Nge7 8. d4 {[%emt 0:03:40] White has an edge.} cxd4 9. cxd4 exd4 10. Nxd4 Qc7 11. h3 Nxd4 12. Qxd4 O-O 13. Bb3 {[%emt 0:07:53] [#]} (13. Qd3 $5 Bc5 14. Nc3 $14 (14. e5 Ng6 $15)) 13... Bb7 $146 ({Predecessor:} 13... b4 14. Be3 a5 15. a3 Be5 16. Qd2 bxa3 17. Rxa3 Rb8 18. Rd1 a4 19. Bxa4 Rxb2 {1-0 (32) Celinski,K (1876)-Goraj,B (2035) Warsaw 2022}) 14. Nc3 b4 ({Better is} 14... Be5 $11 15. Qd3 b4) 15. Nd5 (15. Na4 $1 $14) 15... Nxd5 $11 16. Bxd5 Bc5 17. Qd3 Bc6 18. Rd1 Bxd5 19. Qxd5 Qb6 20. Qf5 d6 21. Bg5 Rfe8 (21... Rae8 $5 ) 22. Kh1 Re5 23. Qg4 Kh8 (23... h5 $11 24. Qxh5 Rxe4) 24. f3 $1 $14 Rae8 25. Rd2 a5 26. Rad1 a4 (26... h6 $14 27. Bf4 R5e6) 27. Bf4 (27. Qd7 $1 $16) 27... R5e6 $1 28. Qg3 {[%emt 0:02:14][%cal Rf4d6] White is more active.} Rg6 29. Qh2 $40 {[%emt 0:00:08][%cal Rf4d6][%mdl 128] White has some attack.} b3 30. a3 ({White should try} 30. axb3 $1 $14 Qxb3 31. Bxd6 Bxd6 32. Rxd6) 30... Rc8 31. e5 (31. Bxd6 $14 Rxd6 32. Rxd6 Bxd6 33. Qxd6 Qxd6 34. Rxd6) 31... dxe5 $11 32. Bxe5 h6 {[%emt 0:00:44] Strongly threatening ...Be3.} 33. Bc3 {[%emt 0:00:31] [#]} (33. Qf4 $11 {remains equal.}) 33... Bxa3 34. Qf4 $1 $15 Bc5 {[%emt 0:07:09] ...Be3 is the strong threat.} 35. Qxa4 Re6 36. Qg4 Rg8 {[%emt 0:04:22] [#]} (36... f6 $1 $11 {keeps the balance.}) 37. Rd7 ({White must play} 37. Rd8 $1 $16 Re1+ 38. Rxe1 Qxd8 39. Qh5) 37... Rg6 (37... f6 $11 {and Black stays safe.}) 38. Qf5 Rg5 $2 (38... Bb4 $16) 39. Qxf7 $18 {[%emt 0:00:26] aiming for h4.} Qb8 $2 (39... Qg6 40. g4 (40. Qxb3 Rxg2 41. Bxg7+ Rxg7 $11) 40... Rf8 41. Qxb3 Qe8) 40. f4 Rg3 41. Kh2 Rxc3 42. bxc3 Be3 (42... Qf8 $142 43. Qxb3 Qxf4+ 44. Kh1 Rf8) 43. g3 $2 (43. R1d6 {[%cal Od6h6] White threatens Rxh6+! and mate.} Qxd6 44. Rxd6) 43... b2 (43... Qb5 $142 44. h4 (44. Rd8 Qe2+ 45. Kh1 Qf3+ 46. Kh2 Qe2+ 47. Kh1 Qf3+ 48. Kh2 Qe2+ $11) 44... Qe2+ 45. Kh3 Bb6) 44. Rb7 Bc1 45. Rxb8 {[%emt 0:00:31] White mates.} Rxb8 46. Rd7 Rg8 47. Rb7 {[%emt 0:00:08] Weighted Error Value: White=0.49/Black=0.57} 1-0

[Event "Hungarian Youth-ch U14 2022"]
[Site "Eger"]
[Date "2022.07.28"]
[Round "6.2"]
[White "Giang, Tran Nam"]
[Black "Matyassy, Lazar"]
[Result "1/2-1/2"]
[ECO "B10"]
[WhiteElo "2144"]
[BlackElo "2132"]
[Annotator "TA"]
[PlyCount "42"]
[EventDate "2022.07.21"]
[EventType "tourn"]
[EventCountry "HUN"]
[SourceTitle "playchess.com"]
[Source "ChessBase"]
[SourceQuality "1"]
[TimeControl "40/5400+30:1800+30"]

1. e4 c6 2. Nf3 d5 3. Nc3 dxe4 4. Nxe4 Nf6 5. Qe2 Nxe4 6. Qxe4 Qd5 {[%emt 0:00:05] B11: Caro-Kann: Two Knights Variation.} 7. Qh4 Qf5 8. Bd3 Qg4 {[%emt 0:02:04] [#]} 9. Qxg4 $146 ({Predecessor:} 9. O-O Qxh4 10. Nxh4 g6 11. Re1 Bg7 12. Nf3 Nd7 13. Bf1 c5 14. d4 cxd4 15. Bg5 {½-½ (57) Djukic,N (2507)-Radovanovic,M (2479) Nis 2019}) 9... Bxg4 10. Ne5 Be6 11. b3 Nd7 (11... f6 $5 12. Nc4 Na6 $11) 12. Nxd7 Kxd7 13. Bb2 f6 14. O-O-O Bd5 15. f3 e5 {[%emt 0:05:04] [#]} (15... Kc7 $11 {remains equal.}) 16. Bf5+ $1 $16 Kc7 17. Kb1 (17. c4 $14 Bf7 18. d4) 17... Bc5 {[%emt 0:09:26] The position is equal.} 18. d4 exd4 19. Bxd4 Bxd4 20. Rxd4 {[%emt 0:00:18] aiming for c4.} Rad8 21. Re1 g6 {[%emt 0:03:53] Weighted Error Value: White=0.10 (very precise) /Black=0.14 (very precise)} 1/2-1/2